 Dungeon Crawl Stone Soup version 0.21-a0-349-g0c35859 (webtiles) character file.

8 Moloch the Magician (level 2, 19/19 HPs)
             Began as a Demonspawn Wizard on Oct 8, 2017.
             Quit the game on level 1 of the Dungeon.
             The game lasted 00:01:08 (221 turns).

Moloch the Magician (Demonspawn Wizard)              Turns: 221, Time: 00:01:09

Health: 19/19      AC:  2    Str:  7    XL:     2   Next: 0%
Magic:  3/6        EV: 12    Int: 19    God:
Gold:   3          SH:  0    Dex: 11    Spells: 6/7 levels left

rFire    . . .     SeeInvis .   (no weapon)
rCold    . . .     Gourm    .   (no shield)
rNeg     . . .     Faith    .   a - +0 robe
rPois    .         Spirit   .   b - +0 hat
rElec    .         Reflect  .   (no cloak)
rCorr    .         Harm     .   (no gloves)
MR       .....                  (no boots)
Stlth    ++........             (no amulet)
HPRegen  0.06/turn              (no ring)
MPRegen  0.10/turn              (no ring)

@: no status effects
A: demonic guardian 1
a: no special abilities


You were on level 1 of the Dungeon.
You were not hungry.

You visited 1 branch of the dungeon, and saw 1 of its levels.

You collected 3 gold pieces.

Inventory:

Hand Weapons
 g - a +0 club
Armour
 a - a +0 robe (worn)
 b - a +0 hat (worn)
Potions
 e - a potion of curing {unknown}
Books
 c - a book of Minor Magic

   Spells                             Type                      Level
   a - Magic Dart                     Conjuration                  1
   b - Blink                          Translocation                2
   c - Call Imp                       Summoning                    2
   d - Slow                           Hexes                        2
   e - Conjure Flame                  Conjuration/Fire             3
   f - Mephitic Cloud                 Conjuration/Poison/Air       3
Comestibles
 d - a bread ration
 f - 3 chunks of flesh


   Skills:
 - Level 1.7 Dodging
 - Level 1.7 Stealth
 - Level 3.0 Spellcasting
 + Level 2.1 Conjurations
   Level 1.0 Summonings
   Level 0.8 Translocations


You had 6 spell levels left.
You knew the following spells:

 Your Spells              Type           Power        Failure   Level  Hunger
a - Magic Dart            Conj           ##..         6%          1    None


Dungeon Overview and Level Annotations

Branches:
Dungeon (1/15)

Altars:


Innate Abilities, Weirdness & Mutations

A weak demonic guardian rushes to your aid.


Message History

You kill the bat!
Casting: Magic Dart
Confirm with . or Enter, or press ? or * to list all spells.
You can't see any susceptible monsters within range! (Use Z to cast anyway.)
A frilled lizard comes into view.
The frilled lizard hisses angrily.
A frilled lizard is nearby!
A frilled lizard is nearby!
A frilled lizard is nearby!
Casting: Magic Dart
Confirm with . or Enter, or press ? or * to list all spells.
Aiming: Magic Dart
Press: ? - help, Shift-Dir - straight line, f - frilled lizard
Aim: a frilled lizard The magic dart hits the frilled lizard.
You kill the frilled lizard!
You have reached level 2!
Your demonic ancestry asserts itself...
You feel the presence of a demonic guardian.
Are you sure you want to abandon this character and quit the game? (Confirm with "yes".)

#.##.#.....(..
#.##.......... ..#
#.####.#.###### ..#
#.............. ..#
.....#.#.#..... ..#
####)#.#.#..... .†#
............... ..#
####.#.#.#.....##..#
##..............@..#
##.#.#.#.######.##.#
##.#.#..........# ..
.).#.###.########
... ####.# #........
... # #.# #########
.. ####.#### #
......... #..###.#


There were no monsters in sight!

Vanquished Creatures
  A leopard gecko (D:1)
  A goblin (D:1)
  2 hobgoblins (D:1)
  A bat (D:1)
  A frilled lizard (D:1)
  A rat (D:1)
7 creatures vanquished.

Notes
Turn   | Place    | Note
-------+----------+-------------------------------------------
     0 | D:1      | Moloch the Demonspawn Wizard began the quest for the Orb.
     0 | D:1      | Reached XP level 1. HP: 13/13 MP: 4/4
   220 | D:1      | Gained mutation: A weak demonic guardian rushes to your aid. [demonic ancestry]
   220 | D:1      | Reached XP level 2. HP: 19/19 MP: 3/6
   221 | D:1      | Quit the game

Vault maps used:
D:1:      lightli_arrival_quake, minmay_octomino_c4

Skill      XL: |  1 |
---------------+----+-----
Conjurations   | 2 |  2.1
Dodging        | |  1.7
Stealth        | |  1.7
Spellcasting   | |  3.0
Summonings     | |  1.0
Translocations | |  0.8

Action                   || total
-------------------------++-------
Melee: Unarmed           ||     5
 Cast: Magic Dart        ||    16
Armor: Robe              ||     2
Dodge: Dodged            ||     3

Table legend:
 A = Spawn XP
 B = Non-spawn XP
 C = Spawn XP percentage of total XP
 D = Spawn monster count
 E = Non-spawn monster count
 F = Spawn count percentage of total count
 G = Total turns spent on level
                    A         B        C        D         E        F      G
               +---------+---------+-------+---------+---------+-------+---------
         Total |       0 |      12 |   0.0 |       0 |       7 |   0.0 |   221
               +---------+---------+-------+---------+---------+-------+---------
           D:1 |       0 |      12 |   0.0 |       0 |       7 |   0.0 |   221
               +---------+---------+-------+---------+---------+-------+---------
